 Dungeon Crawl Stone Soup version 0.31.0-9-g3a7656b989 (webtiles) character file.

Game seed: 16965493199056336833

24 qw the Shooter (level 2, -1/14 HPs)
             Began as a Spriggan Hunter on Feb 2, 2024.
             Slain by an adder (4 damage)
             ... on level 2 of the Dungeon.
             The game lasted 00:00:02 (663 turns).

qw the Shooter (Spriggan Hunter)                     Turns: 663, Time: 00:00:03

Health: -1/14      AC:  2    Str:  7    XL:     2   Next: 79%
Magic:  3/3        EV: 19    Int: 10    God:
Gold:   14         SH:  0    Dex: 18    Spells: 1/1 levels left

rFire   . . .        a - +0 shortbow
rCold   . . .        (shield currently unavailable)
rNeg    . . .        c - +0 robe
rPois   .            (helmet restricted)
rElec   .            (no cloak)
rCorr   .            (gloves unavailable)
SInv    +            (boots unavailable)
Will    .....        (no amulet)
Stlth   ++           (no ring)
HPRegen 0.22/turn    (no ring)
MPRegen 0.08/turn

%: no passive effects
@: lethally poisoned (-1 -> -6), very quick
A: very small, no large weapons, unfitting armour, see invisible, speed 3
a: no special abilities


You were on level 2 of the Dungeon.
You visited 1 branch of the dungeon, and saw 2 of its levels.

You collected 14 gold pieces.


Innate Abilities, Weirdness & Mutations

You are very small and have problems with some larger weapons.
You are too small for most types of armour.
You have supernaturally acute eyesight. (SInv)
You cover ground extremely quickly. (Speed+++)


   Skills:
 - Level 1.5 Fighting
 + Level 4.3 Ranged Weapons
 - Level 4.0 Dodging
 - Level 1.5 Stealth


You had one spell level left.
You didn't know any spells.
Your spell library was empty.

Inventory:

Hand Weapons
 a - a +0 shortbow (weapon)
Armour
 c - a +0 robe (worn)

Dungeon Overview and Level Annotations

Branches:
Dungeon (2/15)

Altars:


Message History

You shoot an arrow. The arrow hits the quokka!
You kill the quokka!
A goblin comes into view. It is wielding a +0 dagger.
The goblin shouts!
You shoot an arrow. The arrow completely misses the goblin.
The goblin unwields a +0 dagger.
The goblin wields a +0 sling.
The goblin shoots a sling bullet.
The sling bullet hits you.
You shoot an arrow. The arrow closely misses the goblin.
The goblin shoots a sling bullet.
The sling bullet closely misses you.
You shoot an arrow. The arrow hits the goblin.
You kill the goblin!
You now have 14 gold pieces (gained 3).
A goblin comes into view. It is wielding a +0 club.
You shoot an arrow. The arrow hits the goblin.
You kill the goblin!
An adder comes into view.
You shoot an arrow. The arrow hits the adder.
The adder is moderately wounded.
You shoot an arrow. The arrow closely misses the adder.
You shoot an arrow. The arrow barely misses the adder.
You shoot an arrow. The arrow closely misses the adder.
The adder closely misses you.
You shoot an arrow. The arrow closely misses the adder.
The adder misses you.
You shoot an arrow. The arrow barely misses the adder.
The adder bites you.
You are poisoned.
The adder poisons you! The adder misses you.
You shoot an arrow.
The arrow hits the adder but does no damage.
The adder is lightly wounded.
You feel sick. The adder bites you.
You are lethally poisoned!
The adder poisons you! The adder barely misses you.
You shoot an arrow. The arrow hits the adder.
The adder is heavily wounded.
You feel sick. The adder misses you.
You shoot an arrow. The arrow barely misses the adder.
You feel sick. The adder bites you.
You die...

########### ###
#.........#.....
#.#####.@....)..
####........S......
..##....########......
...>.......# ......
.%#..)##...# .....
...........# .....
..##.......# ....
...........# ....
.##......)#


You could see an adder.

Vanquished Creatures
  A dart slug (D:1)
  3 ball pythons (D:1)
  6 goblins
  A hobgoblin (D:1)
  2 kobolds (D:1)
  2 quokkas
  2 bats (D:1)
  2 frilled lizards (D:1)
19 creatures vanquished.

Notes
Turn   | Place    | Note
-------+----------+-------------------------------------------
     0 | D:1      | qw the Spriggan Hunter began the quest for the Orb.
     0 | D:1      | Reached XP level 1. HP: 10/10 MP: 2/2
     0 | D:1      | 0 ||| qw: Version: 0.3-a-155-g5e7d8dd
     0 | D:1      | 0 ||| qw: Game counter: 2370
     0 | D:1      | 0 ||| qw: Melee chars always use a shield: true
     0 | D:1      | 0 ||| qw: God list: Okawaru
     0 | D:1      | 0 ||| qw: Allow faded altars: false
     0 | D:1      | 0 ||| qw: Do Orc after clearing Dungeon:15 true
     0 | D:1      | 0 ||| qw: Do second Lair branch before Depths: true
     0 | D:1      | 0 ||| qw: Lair rune preference: random
     0 | D:1      | 0 ||| qw: Goals: Normal
     0 | D:1      | 0 ||| PLANNING D:1-11
    16 | D:1      | Reached skill level 3 in Dodging
   189 | D:1      | Reached XP level 2. HP: 13/14 MP: 3/3
   578 | D:1      | 578 ||| READING scroll labelled VYSUCAE KIPSET.
   579 | D:1      | 579 ||| READING scroll labelled EHUM TAEMPIB.
   579 | D:1      | 579 ||| IDENTIFYING grey potion
   580 | D:1      | 580 ||| READING scroll labelled NONNUO RAAGRA.
   580 | D:1      | 580 ||| ENCHANTING +0 shortbow.
   581 | D:1      | 581 ||| READING scroll labelled YJOMUA WORA.
   582 | D:1      | 582 ||| READING scroll labelled UMALIF LOODOT.
   583 | D:1      | 583 ||| READING scroll labelled ZYOHUT ZERCHO.
   584 | D:1      | 584 ||| DROPPING scroll of butterflies.
   586 | D:1      | 586 ||| Stepping ~*~*~tactically~*~*~ (cloud).
   587 | D:1      | 587 ||| DRINKING potion of curing.
   587 | D:1      | 587 ||| (to cure poison)
   663 | D:2      | HP: 3/14 [poisoned by an adder]
   663 | D:2      | Slain by an adder

Levels and vault maps discovered:
D:1:      scummos_arrival_hexagon, layout_basic
D:2:      layout_basic, shapermc_ecumenical_altar_mp_highgroup,
          chequers_big_river, uniq_terence

Skill      XL: |  1  2 |
---------------+-------+-----
Dodging        | 3 4 |  4.0
Fighting       | |  1.5
Ranged Weapons | |  4.3
Stealth        | |  1.5

Action                     || total
---------------------------++-------
   Fire: Shortbow          ||    56
    Use: Scroll            ||     6
         Potion            ||     1
 Armour: Robe              ||     7
  Dodge: Dodged            ||    16

Table legend:
 A = Non-vault XP
 B = Vault XP
 C = Vault XP percentage of total XP
 D = Non-vault monster count
 E = Vault monster count
 F = Vault count percentage of total count
                 A         B        C        D         E       F
            +---------+---------+-------+---------+---------+-------
      Total |      35 |       0 |   0.0 |      19 |       0 |   0.0
            +---------+---------+-------+---------+---------+-------
        D:1 |      29 |       0 |   0.0 |      16 |       0 |   0.0
        D:2 |       6 |       0 |   0.0 |       3 |       0 |   0.0
            +---------+---------+-------+---------+---------+-------
